 Dungeon Crawl Stone Soup version 0.16.2-12-gd0ad4c3 (webtiles) character file.

4540 fotsohgehT the Cleaver (level 10, -10/126 HPs)
             Began as a Minotaur Berserker on Nov 4, 2015.
             Was an Elder of Trog.
             Mangled by Donald
             ... wielding a +5 demon trident of electrocution
              (27 damage)
             ... on level 3 of the Orcish Mines on Nov 5, 2015.
             The game lasted 00:37:13 (2218 turns).

fotsohgehT the Cleaver (Minotaur Berserker)         Turns: 2218, Time: 00:37:13

Health: -10/126    AC: 12    Str: 31    XL:     10   Next: 17%
Magic:  4/4        EV: 10    Int:  4    God:    Trog [****..]
Gold:   228        SH:  0    Dex:  9    Spells: 0 memorised, 9 levels left

rFire  . . .     SeeInvis .     m - +1 hand axe (flame)
rCold  . . .     Clarity  .     n - +0 chain mail (curse)
rNeg   . . .     SustAb   .     (no shield)
rPois  .         Gourm    .     (helmet restricted)
rElec  .         Spirit   .     (no cloak)
rCorr  .         Warding  .     (no gloves)
rMut   .         Stasis   .     (no boots)
MR     .....                    (no amulet)
Stlth  ..........               (no ring)
                                (no ring)

@: berserking (expiring), very quick, not resistant to hostile enchantments,
extremely unstealthy
A: retaliatory headbutt, horns 2, slimy green scales 1, blurry vision 1, wild
magic 1
a: Burn Spellbooks, Berserk, Trog's Hand, Brothers in Arms, Renounce Religion


You were on level 3 of the Orcish Mines.
You worshipped Trog.
Trog was greatly pleased with you.
You were not hungry.

You visited 4 branches of the dungeon, and saw 14 of its levels.
You also visited: Ossuary.

You collected 228 gold pieces.

Inventory:

Hand weapons
 a - a +0 war axe
 m - a +1 hand axe of flaming (weapon)
 B - a +0 hand axe
Missiles
 d - 3 throwing nets (quivered)
Armour
 n - a cursed +0 chain mail (worn)
 z - a +0 plate armour
Magical staves
 s - a cursed staff of cold {unknown}
Jewellery
 e - an uncursed ring of ice
Magical devices
 h - a wand of magic darts (2)
 k - a wand of random effects (27)
 y - a wand of random effects (20)
Scrolls
 b - a scroll of identify
 f - a scroll of teleportation
 i - a scroll of blinking {unknown}
 j - a scroll of enchant weapon {unknown}
 r - a scroll of enchant armour {unknown}
 u - a scroll of magic mapping {unknown}
 w - a scroll of remove curse {unknown}
Potions
 g - 2 potions of magic
 l - 4 potions of agility
 o - a potion of cancellation
 p - a potion of flight
 q - a potion of curing
 t - a potion of restore abilities
 v - 3 potions of haste {unknown}
 x - a potion of invisibility {unknown}
Comestibles
 c - a bread ration
 A - a chunk of flesh


   Skills:
 + Level 6.4 Fighting
 + Level 14.7 Axes
 + Level 5.8 Armour
 + Level 5.5 Dodging


You had 9 spell levels left.
You didn't know any spells.

Dungeon Overview and Level Annotations

Branches:
Dungeon (9/15)             Temple (1/1) D:7            Lair (1/8) D:9
    Orc (3/4) D:9
    Elf: Orc:3-4

Altars:
Cheibriados
Dithmenos
Makhleb
Beogh

Shops:
Orc:3 [

Annotations:
D:9 exclusion: upstairs
Lair:1 plz dont screw this run kthx
Orc:3 Donald


Innate Abilities, Weirdness & Mutations

You reflexively headbutt those who attack you in melee.
You have a pair of horns on your head.
You are partially covered in slimy green scales (AC +2).
Scrolls take you a little longer to read.
Your spells are a little harder to cast, but a little more powerful.


Message History

Donald blocks your attack.
You headbutt Donald.
Donald is heavily wounded.
Donald blocks your attack.
Donald is heavily wounded.
Donald blocks your attack.
Donald is heavily wounded.
You barely miss Donald. Your headbutt misses Donald.
Donald is heavily wounded.
Donald hits you with a demon trident of electrocution.
* * * LOW HITPOINT WARNING * * *
You slash Donald! You burn Donald.
Donald is severely wounded.
You hit Donald. You burn Donald. You headbutt Donald!
Donald is severely wounded.
Donald blocks your attack.
Donald is severely wounded.
You hit Donald but do no damage. Donald blocks your attack.
Donald is severely wounded.
Donald hits you with a demon trident of electrocution!!
You die...

. ## ... .#
#.#.. ...##....
#......$.#
#.......#
##.......## ∩
#.....@...#....#
#@......#
#.$......#
#.#..$..## ##
.....# #....#
#..## ###


You could see Donald.

Vanquished Creatures
  Harold (Orc:2)
  A hill giant (D:9)
  Joseph (D:7)
  The ghost of CrazyArbalest the Bolt Thrower, an average MiHu (Ossuary)
  A wraith (Ossuary)
  A yak (D:9)
  A deep elf fighter (D:9)
  Grum (Orc:1)
  2 wolves (Orc:1)
  A warg (Orc:2)
  2 hippogriffs
  An ice beast (D:9)
  2 phantoms
  An orc warrior (D:9)
  A centaur (D:7)
  Duvessa (D:9)
  2 crocodiles
  2 scorpions (D:8)
  6 killer bees
  2 crimson imps
  A jelly (D:8)
  An iguana (D:4)
  3 orc priests
  A quasit (D:8)
  3 worker ants
  4 orc wizards
  A killer bee zombie (D:5)
  Jessica (D:2)
  Terence (D:3)
  2 mummies
  4 adders
  A worm (D:4)
  2 adder zombies
  29 orcs
  5 bats
  A bat skeleton (D:6)
  7 gnoll skeletons (Ossuary)
  6 hobgoblins
  3 jackals (D:8)
  2 kobolds
  A quokka (D:7)
  A ball python (D:2)
  A giant newt (D:1)
  4 goblins
  A hobgoblin zombie (D:7)
  5 kobold skeletons (Ossuary)
  A kobold zombie (D:7)
  9 orc skeletons (Ossuary)
  12 rats
144 creatures vanquished.

Vanquished Creatures (others)
  A killer bee (D:9)
  A fungus (D:9)
  A plant (D:9)
3 creatures vanquished.

Grand Total: 147 creatures vanquished

Notes
Turn   | Place    | Note
--------------------------------------------------------------
     0 | D:1      | fotsohgehT, the Minotaur Berserker, began the quest for the Orb.
     0 | D:1      | Reached XP level 1. HP: 19/19 MP: 1/1
     6 | D:1      | fuck
    39 | D:2      | Reached skill level 4 in Axes
    60 | D:2      | Noticed Jessica
   100 | D:1      | Reached XP level 2. HP: 6/26 MP: 1/1
   210 | D:2      | Killed Jessica
   210 | D:2      | Reached skill level 5 in Axes
   238 | D:2      | Reached XP level 3. HP: 14/31 MP: 2/2
   389 | D:4      | Reached skill level 6 in Axes
   389 | D:4      | Reached XP level 4. HP: 39/39 MP: 2/2
   408 | D:5      | Entered Level 5 of the Dungeon
   464 | D:3      | Noticed Terence
   479 | D:3      | Killed Terence
   479 | D:3      | Reached skill level 7 in Axes
   479 | D:3      | Reached XP level 5. HP: 28/45 MP: 2/2
   611 | D:5      | Found a burning altar of Makhleb.
   695 | D:6      | Acquired Trog's second power
   718 | D:7      | Found a staircase to the Ecumenical Temple.
   729 | D:7      | Reached skill level 8 in Axes
   746 | D:7      | shit
   763 | D:7      | Reached XP level 6. HP: 31/51 MP: 3/3
   772 | Temple   | Entered the Ecumenical Temple
   849 | D:7      | Noticed a centaur
   854 | D:7      | ded
   872 | D:7      | Killed a centaur
   872 | D:7      | Reached skill level 9 in Axes
   904 | D:7      | Noticed Joseph
   928 | D:7      | Killed Joseph
   928 | D:7      | Reached skill level 10 in Axes
   928 | D:7      | Reached XP level 7. HP: 17/57 MP: 3/3
   960 | D:7      | Found a sand-covered staircase.
   969 | Ossuary  | Entered an ossuary
   969 | Ossuary  | Noticed a wraith
   969 | Ossuary  | Noticed a wraith
   969 | Ossuary  | Noticed a wraith
  1033 | Ossuary  | Noticed CrazyArbalest's ghost (average MiHu)
  1050 | Ossuary  | Killed CrazyArbalest's ghost
  1050 | Ossuary  | Reached skill level 11 in Axes
  1050 | Ossuary  | Reached XP level 8. HP: 64/64 MP: 3/3
  1084 | Ossuary  | Noticed a wraith
  1103 | Ossuary  | Killed a wraith
  1103 | Ossuary  | Reached skill level 12 in Axes
  1181 | D:7      | fuuuuuuuu
  1276 | D:7      | Noticed an orc warrior
  1347 | D:8      | Reached skill level 13 in Axes
  1534 | D:9      | Gained mutation: You are partially covered in slimy green scales (AC +2). [potion of mutation]
  1534 | D:9      | Gained mutation: Scrolls take you a little longer to read. [potion of mutation]
  1534 | D:9      | Gained mutation: Your spells are a little harder to cast, but a little more powerful. [potion of mutation]
  1579 | D:9      | Reached XP level 9. HP: 53/70 MP: 4/4
  1650 | D:9      | Reached skill level 14 in Axes
  1685 | D:9      | Noticed Duvessa
  1696 | D:9      | Killed Duvessa
  1744 | D:9      | Found a staircase to the Orcish Mines.
  1746 | D:9      | Noticed a hill giant
  1759 | D:9      | Killed a hill giant
  1809 | D:9      | Reached skill level 5 in Fighting
  1834 | D:9      | Found a snail-covered altar of Cheibriados.
  1882 | D:9      | oops
  1931 | D:9      | Found a staircase to the Lair.
  1941 | Lair:1   | Entered Level 1 of the Lair of Beasts
  2002 | Orc:1    | Entered Level 1 of the Orcish Mines
  2011 | Orc:1    | Noticed Grum
  2017 | Orc:1    | Reached skill level 5 in Armour
  2022 | Orc:1    | Killed Grum
  2026 | Orc:1    | Reached skill level 5 in Dodging
  2086 | Orc:2    | Found a roughly hewn altar of Beogh.
  2116 | Orc:2    | Noticed Harold
  2127 | Orc:2    | Killed Harold
  2127 | Orc:2    | Reached XP level 10. HP: 36/84 MP: 4/4
  2133 | Orc:2    | Acquired Trog's third power
  2200 | Orc:3    | Found Uqiwiap's Armour Boutique.
  2200 | Orc:3    | Noticed Donald
  2218 | Orc:3    | Mangled by Donald

Action                   |  1- 3 |  4- 6 |  7- 9 | 10-12 || total
-------------------------+-------+-------+-------+-------++-------
Melee: Hand axe          |    35 |    98 |   212 |    17 ||   362
       War axe           |       |       |    22 |       ||    22
Invok: Berserk           |     3 |     6 |    12 |     1 ||    22
       Trog's Hand       |       |     4 |     6 |       ||    10
Evoke: Wand              |       |       |    13 |       ||    13
  Use: Potion            |       |     2 |     6 |       ||     8
       Scroll            |       |       |     8 |       ||     8
  Eat: Chunk             |     1 |     5 |     7 |     2 ||    15
       Fruit             |       |     3 |       |       ||     3
       Meat ration       |       |       |     1 |       ||     1
       Bread ration      |       |       |     1 |       ||     1
       Beef jerky        |       |       |     1 |       ||     1
